 Dungeon Crawl Stone Soup version 0.18.1-50-g88ac8fd (webtiles) character file.

85 KarmaPolice the Poker (level 4, 0/35 HPs)
             Began as a Merfolk Gladiator on Oct 1, 2016.
             Slain by an orc wizard
             ... wielding a +0 dagger of freezing
              (1 damage)
             ... on level 2 of the Dungeon.
             The game lasted 00:03:32 (1747 turns).

KarmaPolice the Poker (Merfolk Gladiator)           Turns: 1747, Time: 00:03:34

Health: 0/35       AC:  4    Str: 15 (16) XL:     4   Next: 48%
Magic:  4/4        EV: 13    Int:  4 (7)  God:
Gold:   108        SH:  0    Dex: 12 (14) Spells: 0 memorised, 3 levels left

rFire  . . .     SeeInvis .     a - +0 trident
rCold  . . .     Gourm    .     b - +0 leather armour
rNeg   . . .     Faith    .     (no shield)
rPois  .         Spirit   .     c - +0 helmet
rElec  .         Dismiss  .     (no cloak)
rCorr  .         Reflect  .     (no gloves)
SustAt .         Harm     .     (no boots)
MR     .....                    (no amulet)
Stlth  +.........               (no ring)
                                (no ring)

@: not resistant to hostile enchantments, very unstealthy
A: change form in water, swift swim
a: no special abilities


You were on level 2 of the Dungeon.
You were not hungry.

You visited 1 branch of the dungeon, and saw 3 of its levels.

You collected 108 gold pieces.

Inventory:

Hand Weapons
 a - a +0 trident (weapon)
Missiles
 d - 3 throwing nets (quivered)
Armour
 b - a +0 leather armour (worn)
 c - a +0 helmet (worn)
Scrolls
 e - 4 scrolls of identify {unknown}
 i - a scroll of teleportation {unknown}
 k - a scroll of fear {unknown}
 m - a scroll of remove curse {unknown}
Potions
 l - a potion of magic {unknown}
Comestibles
 f - 2 bread rations
 h - a beef jerky


   Skills:
 + Level 3.2 Fighting
 + Level 5.6 Polearms
 - Level 2.0 Throwing
 + Level 1.5 Armour
 - Level 4.0 Dodging


You had 3 spell levels left.
You didn't know any spells.

Dungeon Overview and Level Annotations

Branches:
Dungeon (3/15)

Altars:
Makhleb
Nemelex Xobeh


Message History

The orc wizard barely misses you. The goblin hits you but does no damage.
You hit the orc wizard.
The orc wizard is severely wounded.
The orc wizard hits you but does no damage.
The goblin barely misses you. The orc wizard misses you.
You closely miss the orc wizard.
The orc wizard is severely wounded.
The orc wizard casts a spell at you. The puff of frost hits you!
* * * LOW HITPOINT WARNING * * *
The goblin hits you.
* * * LOW HITPOINT WARNING * * *
Drink which item? (? for menu, Esc to quit)
It was a potion of degeneration.
There was something very wrong with that liquid.
You feel weakened.
You feel dopey.
You feel clumsy.
The orc wizard hits you with a dagger of freezing.
* * * LOW HITPOINT WARNING * * *
The orc wizard freezes you.
You die...

#.# #.###.# #.# ##.#
#.###.###.# #..#
#.........# #.##
####...#### #.##
##.....## # #..##
##.......###
##...####.........##
#..og.>.'...........
##.@.####...........
#..## ##.......#.#
#.## ##.....##.# ##.##
##...###.# ##.#.##
##'## #># ##.###.##
#.<###.# #.## ##.#
##.#.##..
#..###..######.###.###
#.#.#.#.##....## ##.#


You could see an orc wizard and a goblin.

Vanquished Creatures
  3 adders (D:2)
  A worm (D:2)
  2 dart slugs
  A giant gecko (D:1)
  3 ball pythons
  3 bats (D:1)
  3 giant cockroaches
  9 goblins
  7 hobgoblins
  2 jackals (D:1)
  4 kobolds
  5 giant newts
  6 rats
49 creatures vanquished.

Notes
Turn   | Place    | Note
--------------------------------------------------------------
     0 | D:1      | KarmaPolice the Merfolk Gladiator began the quest for the Orb.
     0 | D:1      | Reached XP level 1. HP: 16/16 MP: 1/1
    75 | D:1      | Reached XP level 2. HP: 20/23 MP: 2/2
   476 | D:1      | Reached skill level 1 in Armour
   492 | D:1      | Reached XP level 3. HP: 28/28 MP: 3/3
   556 | D:1      | Reached skill level 5 in Polearms
  1014 | D:2      | Found a burning altar of Makhleb.
  1140 | D:2      | Reached XP level 4. HP: 33/35 MP: 4/4
  1360 | D:2      | Found a sparkling altar of Nemelex Xobeh.
  1747 | D:2      | HP: 1/35 [orc wizard/dagger of freezing (2)]
  1747 | D:2      | Slain by an orc wizard

Skill      XL: |  1  2  3 |
---------------+----------+-----
Armour         | 1 |  1.5
Polearms       | 5 |  5.6
Fighting       | 3 |  3.2
Throwing       | |  2.0
Dodging        | |  4.0

Action                   |  1- 3 |  4- 6 || total
-------------------------+-------+-------++-------
Melee: Trident           |   108 |    51 ||   159
  Use: Potion            |       |     1 ||     1
 Stab: Sleeping          |     2 |     1 ||     3
  Eat: Chunk             |     1 |     2 ||     3
Armor: Leather armour    |    25 |    10 ||    35
Dodge: Dodged            |    54 |    28 ||    82
